3AA
OTTAWA NATIONALS @ BETHESDA ATOMS
07/10/2037
 
TOP OF THE 1ST
Ottawa Nationals batting - Pitching for Bethesda Atoms : RHP Joshua Neal
Pitching: RHP Joshua Neal
Batting: RHB Glenn Curtis 0-0: Foul Ball, location: 2F
0-1: Ball
1-1: Ball
2-1: Ball
3-1: Base on Balls
Batting: SHB Júlio Moreno 0-0: Ball
Glenn Curtis steals 2nd base
1-0: Ground out 6-3 (Groundball, 6, EV 109.4 MPH)
Batting: RHB Jorge Ozezera 0-0: Swinging Strike
0-1: Ball
1-1: Ground out 2-3 (Groundball, 15S, EV 62.5 MPH)
Glenn Curtis to third
Batting: LHB Tony Goodwin 0-0: Ball
Wild Pitch!
Glenn Curtis scores
1-0: Ball
2-0: Ground out 6-3 (Groundball, 6, EV 105.0 MPH)
Top of the 1st over - 1 run, 0 hits, 0 errors, 0 left on base; Ottawa 1 - Bethesda 0
BOTTOM OF THE 1ST
Bethesda Atoms batting - Pitching for Ottawa Nationals : RHP Juan Ramírez
Pitching: RHP Juan Ramírez
Batting: RHB Conor Culver 0-0: Ball
1-0: Called Strike
1-1: Ball
2-1: Ball
3-1: SINGLE (Groundball, 6MD, EV 104.4 MPH)
Batting: LHB Sandor Addicks 0-0: Grounds into double play, 5-4-3 (Groundball, 56, EV 110.0 MPH)
Batting: RHB Meester Gobbles-Rooster 0-0: Ball
1-0: Called Strike
1-1: Ball
2-1: Called Strike
2-2: SINGLE (Groundball, 25, EV 64.4 MPH) (infield hit)
Batting: SHB Brian Burt 0-0: Called Strike
0-1: Swinging Strike
0-2: Strikes out swinging
Bottom of the 1st over - 0 runs, 2 hits, 0 errors, 1 left on base; Ottawa 1 - Bethesda 0
TOP OF THE 2ND
Ottawa Nationals batting - Pitching for Bethesda Atoms : RHP Joshua Neal
Batting: RHB Sallvador Rebola 0-0: Called Strike
0-1: Swinging Strike
0-2: Ball
1-2: Ball
2-2: Fly out, F2 (Popup, 5SF, EV 84.4 MPH)
Batting: RHB Cary Collins 0-0: Ball
1-0: Ball
2-0: Ground out 5-3 (Groundball, 56S, EV 66.9 MPH)
Batting: RHB Manuel Vroonland 0-0: Ball
1-0: Called Strike
1-1: Ground out 6-3 (Groundball, 6, EV 83.8 MPH)
Top of the 2nd over - 0 runs, 0 hits, 0 errors, 0 left on base; Ottawa 1 - Bethesda 0
BOTTOM OF THE 2ND
Bethesda Atoms batting - Pitching for Ottawa Nationals : RHP Juan Ramírez
Batting: LHB Will Lee 0-0: Called Strike
0-1: Ball
1-1: Ball
2-1: Ball
3-1: Called Strike
3-2: Foul Ball, location: 2F
3-2: Base on Balls
Batting: RHB Juan Mata 0-0: Called Strike
0-1: Ball
1-1: Foul Ball, location: 2F
1-2: Foul Ball, location: 2F
1-2: Foul Ball, location: 2F
1-2: Ball
2-2: Strikes out swinging
Batting: RHB Preston Johnston 0-0: Foul Ball, location: 2F
0-1: Ball
1-1: Swinging Strike
1-2: Ball
2-2: Foul Ball, location: 2F
2-2: DOUBLE (Flyball, 8LXD, EV 98.8 MPH)
Will Lee to third
Runner from 3rd tries for Home, SAFE, throw by CF to trailing runner, SAFE at third!
Batting: RHB Wilson Mitchell 0-0: Ball
1-0: Ball
2-0: Fly out, F8 (Flyball, 8RM, EV 89.4 MPH)
Runner from 3rd tags up, SCORES, no throw by CF
Batting: RHB Tomas van Noord 0-0: Ball
1-0: Foul Ball, location: 2F
1-1: Swinging Strike
1-2: Foul Ball, location: 2F
1-2: Foul Ball, location: 2F
1-2: Strikes out swinging
Bottom of the 2nd over - 2 runs, 1 hit, 0 errors, 0 left on base; Ottawa 1 - Bethesda 2
TOP OF THE 3RD
Ottawa Nationals batting - Pitching for Bethesda Atoms : RHP Joshua Neal
Batting: RHB Gary Goodwin 0-0: Ball
1-0: Called Strike
1-1: Ball
2-1: Ball
3-1: Foul Ball, location: 2F
3-2: Ground out 5-3 (Groundball, 56, EV 98.8 MPH)
Batting: RHB Cheh Zhi 0-0: Ground out 6-3 (Groundball, 56, EV 107.5 MPH)
Batting: RHB Glenn Curtis 0-0: Called Strike
0-1: Swinging Strike
0-2: Ball
1-2: Ball
2-2: Ball
3-2: Strikes out swinging
Top of the 3rd over - 0 runs, 0 hits, 0 errors, 0 left on base; Ottawa 1 - Bethesda 2
BOTTOM OF THE 3RD
Bethesda Atoms batting - Pitching for Ottawa Nationals : RHP Juan Ramírez
Batting: RHB Conor Culver 0-0: Fly out, F8 (Flyball, 8LS, EV 94.4 MPH)
Batting: LHB Sandor Addicks 0-0: Swinging Strike
0-1: Ball
1-1: Ball
2-1: Ground out 4-3 (Groundball, 4, EV 99.4 MPH)
Batting: RHB Meester Gobbles-Rooster 0-0: Ball
1-0: Ball
2-0: Ball
3-0: Fly out, F8 (Flyball, 78M, EV 78.8 MPH)
Bottom of the 3rd over - 0 runs, 0 hits, 0 errors, 0 left on base; Ottawa 1 - Bethesda 2
TOP OF THE 4TH
Ottawa Nationals batting - Pitching for Bethesda Atoms : RHP Joshua Neal
Batting: SHB Júlio Moreno 0-0: Foul Ball, location: 2F
0-1: Foul Ball, location: 2F
0-2: SINGLE (Groundball, 34D, EV 97.5 MPH)
Batting: RHB Jorge Ozezera 0-0: Ball
1-0: Ball
2-0: Called Strike
2-1: Fly out, F7 (Flyball, 78XD, EV 105.6 MPH)
Batting: LHB Tony Goodwin 0-0: Fly out, F9 (Flyball, 89S, EV 90.0 MPH)
Batting: RHB Sallvador Rebola 0-0: Foul Ball, location: 2F
0-1: Ball
1-1: SINGLE (Groundball, 6D, EV 98.8 MPH)
Júlio Moreno to second
Runner from 2nd tries for 3rd, SAFE, no throw by LF
Batting: RHB Cary Collins 0-0: Ball
1-0: Ball
2-0: Ball
Wild Pitch!
Júlio Moreno scores
Sallvador Rebola to second
3-0: Called Strike
3-1: Called Strike
3-2: Base on Balls
Batting: RHB Manuel Vroonland 0-0: Called Strike
0-1: Ball
1-1: SINGLE (Groundball, 6MD, EV 98.1 MPH)
Sallvador Rebola to third
Cary Collins to second
Runner from 3rd tries for Home, SAFE, throw by CF to home
Batting: RHB Gary Goodwin 0-0: Foul Ball, location: 2F
0-1: Ball
1-1: Ball
2-1: Swinging Strike
2-2: Fielders Choice at 2nd, 5-4 (Groundball, 56, EV 88.1 MPH)
Top of the 4th over - 2 runs, 3 hits, 0 errors, 2 left on base; Ottawa 3 - Bethesda 2
BOTTOM OF THE 4TH
Bethesda Atoms batting - Pitching for Ottawa Nationals : RHP Juan Ramírez
Batting: SHB Brian Burt 0-0: Ball
1-0: Swinging Strike
1-1: Foul Ball, location: 2F
1-2: Foul Ball, location: 2F
1-2: Foul Ball, location: 2F
1-2: Ball
2-2: SOLO HOME RUN (Flyball, 9D, EV 87.5 MPH), Distance : 364 ft
Batting: LHB Will Lee 0-0: Ground out 4-3 (Groundball, 4, EV 87.5 MPH)
Batting: RHB Juan Mata 0-0: Ball
1-0: Ball
2-0: SOLO HOME RUN (Flyball, 7D, EV 106.9 MPH), Distance : 350 ft
Batting: RHB Preston Johnston 0-0: Ball
1-0: Swinging Strike
1-1: Called Strike
1-2: Ball
2-2: Foul Ball, location: 2F
2-2: Fly out, F8 (Flyball, 8RD, EV 98.1 MPH)
Batting: RHB Wilson Mitchell 0-0: Ball
1-0: Ground out 6-3 (Groundball, 6, EV 78.8 MPH)
Bottom of the 4th over - 2 runs, 2 hits, 0 errors, 0 left on base; Ottawa 3 - Bethesda 4
TOP OF THE 5TH
Ottawa Nationals batting - Pitching for Bethesda Atoms : RHP Joshua Neal
Batting: RHB Cheh Zhi 0-0: Ball
1-0: Swinging Strike
1-1: Fly out, F8 (Line Drive, 8RD, EV 90.0 MPH)
Batting: RHB Glenn Curtis 0-0: Ball
1-0: Swinging Strike
1-1: Ball
2-1: DOUBLE (Groundball, 5L, EV 102.5 MPH)
Batting: SHB Júlio Moreno 0-0: Foul Ball, location: 2F
0-1: Called Strike
0-2: Ball
1-2: Ball
2-2: Ground out 4-3 (Groundball, 34D, EV 83.1 MPH)
Glenn Curtis to third
Batting: RHB Jorge Ozezera 0-0: Called Strike
0-1: Ball
1-1: Ball
2-1: Ground out 5-3 (Groundball, 56S, EV 71.2 MPH)
Top of the 5th over - 0 runs, 1 hit, 0 errors, 1 left on base; Ottawa 3 - Bethesda 4
BOTTOM OF THE 5TH
Bethesda Atoms batting - Pitching for Ottawa Nationals : RHP Juan Ramírez
Batting: RHB Tomas van Noord 0-0: Ball
1-0: Foul Ball, location: 2F
1-1: Swinging Strike
1-2: Foul Ball, location: 2F
1-2: Ball
2-2: Ball
3-2: SINGLE (Line Drive, 4MD, EV 96.2 MPH)
Batting: RHB Conor Culver 0-0: Bunted foul
0-1: Ball
1-1: Sac Bunt to P - play at first, batter safe!
Tomas van Noord to second
Pitching: RHP Jesús Lara
Batting: LHB Sandor Addicks 0-0: Foul Ball, location: 2F
0-1: Ball
1-1: Sac Bunt to 5S - play at first, batter OUT! 5-4
Tomas van Noord to third
Conor Culver to second
Batting: RHB Meester Gobbles-Rooster 0-0: Ball
1-0: Called Strike
1-1: Ground out 6-3 (Groundball, 6M, EV 105.0 MPH)
Tomas van Noord scores
Conor Culver to third
Batting: SHB Brian Burt 0-0: Foul Ball, location: 2F
0-1: Foul Ball, location: 2F
0-2: Strikes out looking
Bottom of the 5th over - 1 run, 2 hits, 0 errors, 1 left on base; Ottawa 3 - Bethesda 5
TOP OF THE 6TH
Ottawa Nationals batting - Pitching for Bethesda Atoms : RHP Joshua Neal
Batting: LHB Tony Goodwin 0-0: Ball
1-0: Ball
2-0: Called Strike
2-1: Foul Ball, location: 2F
2-2: Foul Ball, location: 2F
2-2: SINGLE (Groundball, 6, EV 95.6 MPH) (infield hit)
Batting: RHB Sallvador Rebola 0-0: Ball
1-0: SINGLE (Flyball, 7LS, EV 96.9 MPH)
Tony Goodwin to second
Batting: RHB Cary Collins 0-0: Sac Bunt to 2L - play at first, batter OUT! 2-3
Tony Goodwin to third
Sallvador Rebola to second
Batting: RHB Manuel Vroonland 0-0: Called Strike
0-1: Ball
1-1: Ball
2-1: Ball
3-1: Foul Ball, location: 2F
3-2: Strikes out looking
Batting: RHB Gary Goodwin 0-0: Fly out, F7 (Flyball, 7S, EV 90.6 MPH)
Top of the 6th over - 0 runs, 2 hits, 0 errors, 2 left on base; Ottawa 3 - Bethesda 5
BOTTOM OF THE 6TH
Bethesda Atoms batting - Pitching for Ottawa Nationals : RHP Jesús Lara
Batting: LHB Will Lee 0-0: Called Strike
0-1: Called Strike
0-2: Ball
1-2: Ball
2-2: Foul Ball, location: 2F
2-2: SINGLE (Groundball, 34S, EV 65.0 MPH) (infield hit)
Batting: RHB Juan Mata 0-0: Foul Ball, location: 2F
0-1: Ball
1-1: Called Strike
1-2: Fly out, F8 (Flyball, 8LD, EV 85.6 MPH)
Batting: RHB Preston Johnston 0-0: Swinging Strike
0-1: Foul Ball, location: 2F
0-2: Ball
1-2: Ball
2-2: Strikes out swinging
Batting: RHB Wilson Mitchell 0-0: Fly out, F8 (Flyball, 8LD, EV 86.2 MPH)
Bottom of the 6th over - 0 runs, 1 hit, 0 errors, 1 left on base; Ottawa 3 - Bethesda 5
TOP OF THE 7TH
Ottawa Nationals batting - Pitching for Bethesda Atoms : RHP Joshua Neal
Pitching: LHP Ben Olsen
Batting: RHB Cheh Zhi 0-0: Swinging Strike
0-1: Ball
1-1: Called Strike
1-2: DOUBLE (Line Drive, 3D, EV 95.0 MPH)
Batting: RHB Glenn Curtis 0-0: Ball
1-0: Foul Ball, location: 2F
1-1: Called Strike
1-2: Strikes out swinging
Batting: SHB Júlio Moreno 0-0: Foul Ball, location: 2F
0-1: Foul Ball, location: 2F
0-2: Ball
1-2: Strikes out swinging
Batting: RHB Jorge Ozezera 0-0: Called Strike
0-1: Ball
1-1: Foul Ball, location: 2F
1-2: Strikes out swinging
Top of the 7th over - 0 runs, 1 hit, 0 errors, 1 left on base; Ottawa 3 - Bethesda 5
BOTTOM OF THE 7TH
Bethesda Atoms batting - Pitching for Ottawa Nationals : RHP Jesús Lara
Batting: RHB Tomas van Noord 0-0: Foul Ball, location: 2F
0-1: Ball
1-1: Ball
2-1: Foul Ball, location: 2F
2-2: Fly out, F8 (Flyball, 89D, EV 98.8 MPH)
Batting: RHB Conor Culver 0-0: Fly out, F8 (Line Drive, 8LD, EV 88.8 MPH)
Batting: LHB Sandor Addicks 0-0: Called Strike
0-1: SINGLE (Flyball, 9S, EV 92.5 MPH)
Batting: RHB Meester Gobbles-Rooster 0-0: Ball
1-0: Called Strike
1-1: Ball
2-1: Ground out 5-3 (Groundball, 56S, EV 83.1 MPH)
Bottom of the 7th over - 0 runs, 1 hit, 0 errors, 1 left on base; Ottawa 3 - Bethesda 5
TOP OF THE 8TH
Ottawa Nationals batting - Pitching for Bethesda Atoms : LHP Ben Olsen
Batting: LHB Tony Goodwin 0-0: Ball
1-0: Ball
2-0: Called Strike
2-1: Swinging Strike
2-2: Strikes out swinging
Batting: RHB Sallvador Rebola 0-0: Ball
1-0: Ground out 5-3 (Groundball, 56S, EV 85.6 MPH)
Batting: RHB Cary Collins 0-0: Foul Ball, location: 2F
0-1: Ball
1-1: Foul Ball, location: 2F
1-2: Strikes out looking
Top of the 8th over - 0 runs, 0 hits, 0 errors, 0 left on base; Ottawa 3 - Bethesda 5
BOTTOM OF THE 8TH
Bethesda Atoms batting - Pitching for Ottawa Nationals : RHP Jesús Lara
Batting: SHB Brian Burt 0-0: Ball
1-0: Ball
2-0: Swinging Strike
2-1: Foul Ball, location: 2F
2-2: Ball
3-2: Base on Balls
Batting: LHB Will Lee 0-0: Ball
1-0: Fielders Choice at 2nd, 4-6 (Groundball, 4M, EV 105.0 MPH)
Batting: RHB Juan Mata 0-0: Called Strike
0-1: Ball
1-1: Ball
2-1: Swinging Strike
2-2: Fly out, F7 (Flyball, 7S, EV 83.8 MPH)
Batting: RHB Preston Johnston 0-0: DOUBLE (Line Drive, 9LM, EV 101.2 MPH)
Will Lee to third
Batting: RHB Wilson Mitchell 0-0: Ball
1-0: Called Strike
1-1: Ball
2-1: Foul Ball, location: 2F
2-2: Strikes out looking
Bottom of the 8th over - 0 runs, 1 hit, 0 errors, 2 left on base; Ottawa 3 - Bethesda 5
TOP OF THE 9TH
Ottawa Nationals batting - Pitching for Bethesda Atoms : LHP Ben Olsen
Pitching: RHP Suhaila Zainuddin
Batting: RHB Manuel Vroonland 0-0: Ball
1-0: Ball
2-0: Called Strike
2-1: Ball
3-1: Called Strike
3-2: Foul Ball, location: 2F
3-2: SINGLE (Line Drive, 3D, EV 98.8 MPH)
Batting: RHB Gary Goodwin 0-0: Ball
1-0: Fly out, F7 (Flyball, 7S, EV 90.6 MPH)
Batting: RHB Cheh Zhi 0-0: Foul Ball, location: 2F
0-1: Called Strike
0-2: Ball
1-2: Foul Ball, location: 2F
1-2: Strikes out swinging
Batting: RHB Glenn Curtis 0-0: Called Strike
0-1: Ball
1-1: Ball
2-1: Ball
3-1: Ground out 4-3 (Groundball, 4, EV 90.0 MPH)
Top of the 9th over - 0 runs, 1 hit, 0 errors, 1 left on base; Ottawa 3 - Bethesda 5
Thursday, January 23rd, 2020 - OOTP Baseball 20.8 Build 74